 Dungeon Crawl Stone Soup version 0.30.0-18-gc0e69614cb (webtiles) character file.

Game seed: 18043363753529297626

4 CaptainMV the Slasher (level 1, 0/16 HPs)
             Began as a Demonspawn Wanderer on May 25, 2023.
             Slain by a ball python (2 damage)
             ... on level 1 of the Dungeon.
             The game lasted 00:00:53 (64 turns).

CaptainMV the Slasher (Demonspawn Wanderer)           Turns: 64, Time: 00:00:53

Health: 0/16       AC:  2    Str: 12    XL:     1   Next: 50%
Magic:  1/1        EV:  8    Int: 12    God:
Gold:   0          SH:  0    Dex: 13    Spells: 0/0 levels left

rFire   . . .        a - +0 long sword
rCold   . . .        (no shield)
rNeg    . . .        e - +0 robe
rPois   .            (no helmet)
rElec   .            (no cloak)
rCorr   .            (no gloves)
SInv    .            (no boots)
Will    .....        (no amulet)
Stlth   +            (no ring)
HPRegen 0.22/turn    (no ring)
MPRegen 0.07/turn

%: no passive effects
@: constricted
A: no striking features
a: no special abilities


You were on level 1 of the Dungeon.
You visited 1 branch of the dungeon, and saw 1 of its levels.

Inventory:

Hand Weapons
 a - a +0 long sword (weapon)
Armour
 e - a +0 robe (worn)
Wands
 c - a wand of flame (5) (quivered)
Scrolls
 b - a scroll of teleportation
 d - a scroll of blinking


   Skills:
 + Level 2.1 Fighting
 + Level 2.8 Long Blades
 + Level 1.0 Armour
 + Level 1.0 Dodging
 + Level 1.0 Unarmed Combat
 + Level 2.0 Evocations


You couldn't memorise any spells.
You didn't know any spells.
Your spell library was empty.

Dungeon Overview and Level Annotations

Branches:
Dungeon (1/15)

Altars:


Message History

You hit the frilled lizard.
You kill the frilled lizard!
A dart slug comes into view.
The dart slug launches a dart at you. The slug dart hits you.
You hit the dart slug.
The dart slug is heavily wounded.
The dart slug launches a dart at you. The slug dart hits you.
You slash the dart slug!
You kill the dart slug!
A kobold comes into view. It is wielding a +0 dagger.
The kobold shouts!
You hear an angry hiss.
A hobgoblin comes into view.
Found 8 stones and 8 gold pieces.
The kobold barely misses you.
A ball python comes into view.
You closely miss the kobold.
The hobgoblin shouts!
The kobold barely misses you.
A quokka comes into view.
You hit the kobold but do no damage.
The kobold hits you with a +0 dagger. x2
You barely miss the kobold. The kobold hits you with a +0 dagger.
The kobold attacks as you move away! The kobold barely misses you.
The kobold attacks as you move away! The kobold completely misses you.
The kobold attacks as you move away! The kobold barely misses you.
The kobold attacks as you move away! The kobold barely misses you.
The kobold attacks as you move away! The kobold hits you with a +0 dagger.
* * * LOW HITPOINT WARNING * * *
You hit the kobold.
You kill the kobold!
You barely miss the ball python. The ball python bites you.
* * * LOW HITPOINT WARNING * * *
The ball python grabs you. The ball python constricts you.
* * * LOW HITPOINT WARNING * * *
The ball python barely misses you. The ball python constricts you.
* * * LOW HITPOINT WARNING * * *
You hit the ball python.
The ball python is heavily wounded.
The ball python bites you.
You die...

....#.... ..!##..#....... .......
....#......##### . #..... ..#
#.....####...# ..#....#
.....###'###....... .......+
⌠......'.'......<[. .......###
.....###'###....... ##.......####
..####.....####...#
............#####.....###...#####
##..#...#.....rS@..##...# ....
#.#.###..##...g########## ### # #
##########


You could see a quokka, a hobgoblin and a ball python.

Vanquished Creatures
  A dart slug (D:1)
  A frilled lizard (D:1)
  A kobold (D:1)
3 creatures vanquished.

Notes
Turn   | Place    | Note
-------+----------+-------------------------------------------
     0 | D:1      | CaptainMV the Demonspawn Wanderer began the quest for the
                  | Orb.
     0 | D:1      | CaptainMV set off with the following items: a +0 long
                  | sword, a scroll of teleportation, a wand of flame (5), a
                  | scroll of blinking, a +0 robe.
     0 | D:1      | Reached XP level 1. HP: 16/16 MP: 1/1
    64 | D:1      | Slain by a ball python

Illustrated notes

Levels and vault maps discovered:
D:1:      elethiomel_arrival_infinity_welcomes_careful_drivers, layout_basic,
          minmay_tree_intersection, minmay_liquid_box, minmay_pentomino_o4

Action                     || total
---------------------------++-------
  Melee: Long sword        ||    15
  Dodge: Dodged            ||    11
